 Dungeon Crawl Stone Soup version 0.30-a0-371-gad7725a93e (webtiles) character file.

Game seed: 119179392386410197

70 mopl the Sneak (level 4, 0/28 (30) HPs)
             Began as an Octopode Brigand on Nov 20, 2022.
             Killed from afar by an orc wizard (5 damage)
             ... with a puff of flame
             ... on level 3 of the Dungeon.
             The game lasted 00:01:53 (1498 turns).

mopl the Sneak (Octopode Brigand)                   Turns: 1498, Time: 00:01:54

HP:   0/28 (30)     AC:  1    Str: 10    XL:     4   Next: 22%
MP:   4/4           EV:  8    Int: 15    God:
Gold: 77            SH: 11    Dex: 13    Spells: 3/3 levels left

rFire   . . .      SeeInvis .    a - +2 dagger
rCold   . . .      Faith    .    e - +0 tower shield
rNeg    . . .      Spirit   .    (helmet restricted)
rPois   .          Reflect  .    (no amulet)
rElec   .          Harm     .    (no ring)
rCorr   .          Rampage  .    (no ring)
Will    .....                    (no ring)
Stlth   ++++......               (no ring)
HPRegen 0.24/turn                (no ring)
MPRegen 0.09/turn                (no ring)
                                 (no ring)
                                 (no ring)

@: drained
A: almost no armour, amphibious, 8 rings, camouflage 1, gelatinous body 1,
(nimble swimmer 1), tentacles
a: no special abilities


You were on level 3 of the Dungeon.
You visited 1 branch of the dungeon, and saw 3 of its levels.

You collected 77 gold pieces.

Inventory:

Hand Weapons
 a - a +2 dagger (weapon)
Missiles
 b - 9 poisoned darts (quivered)
 c - 3 curare-tipped darts
 i - 6 boomerangs of dispersal
 n - 6 atropa-tipped darts
Armour
 e - a +0 tower shield (worn)
Scrolls
 g - 2 scrolls of blinking {unknown}
 h - a scroll of silence {unknown}
 j - a scroll of noise {unknown}
 k - a scroll of vulnerability {unknown}
 m - 2 scrolls of fog {unknown}
 p - a scroll of identify {unknown}
Potions
 d - a potion of mutation {unknown}
 f - a potion of degeneration {unknown}
 l - a potion of might
 o - a potion of lignification {unknown}


   Skills:
 + Level 2.6 Fighting
 - Level 2.0(2.2) Short Blades
 + Level 1.3(1.9) Long Blades
 + Level 2.6 Throwing
 - Level 1.0 Dodging
 + Level 5.9 Stealth
 + Level 1.2 Shields


You had 3 spell levels left.
You didn't know any spells.
Your spell library was empty.

Dungeon Overview and Level Annotations

Branches:
Dungeon (3/15)

Altars:


Innate Abilities, Weirdness & Mutations

You cannot wear most types of armour.
You are amphibious.
You can wear up to eight rings at the same time.
Your skin changes colour to match your surroundings (Stealth+).
Your rubbery body absorbs attacks. (AC +1, EV +1)
((You are camouflaged when in or above water. (Stealth+)))
You have tentacles for arms and can constrict up to eight enemies at once.


Message History

You hit the orc.
You kill the orc!
No target in view!
You now have 77 gold pieces (gained 12).
Items here: )) [ †.
You start resting.
HP restored.
Okay, then.
There is a stone staircase leading down, spattered with blood here.
You climb downwards.
There is a stone staircase leading up, spattered with blood here.
You block the orc wizard's attack.
Things that are here:
a +0 dagger; a +0 club; a +0 dagger You barely miss the orc wizard.
Your grab misses the orc wizard.
The orc wizard gestures at you while chanting.
You resist with some effort.
The orc wizard mumbles some strange words.
The orc wizard flickers and vanishes!
Deactivating autopickup; reactivate with Ctrl-A.
No target in view!
No target in view!
No target in view!
You completely miss something. Something hits you.
You hit something but do no damage. You squeeze something! Something hits you.
You barely miss something.
You hear some strange, mumbled words.
A puff of flame appears from out of thin air!
The puff of flame hits you! Something hits you.
You miss something. You block something's attack.
You barely miss something. Something hits you.
* * * LOW HITPOINT WARNING * * *
You miss something. Your squeeze misses something.
You block something's attack. Something hits you.
* * * LOW HITPOINT WARNING * * *
You closely miss something.
You hear some strange, mumbled words.
A puff of flame appears from out of thin air!
The puff of flame hits you.
You die...

.# .# ##.. ...
#$. ..##..#
.......########.
#..{@<)......
##>########## #


There were no monsters in sight!

Vanquished Creatures
  Robin (D:2)
  An adder (D:2)
  2 dart slugs (D:1)
  3 orcs
  3 ball pythons
  6 bats
  3 endoplasms
  5 goblins
  4 hobgoblins
  2 quokkas (D:1)
  2 frilled lizards
  2 kobolds (D:1)
  8 rats
42 creatures vanquished.

Notes
Turn   | Place    | Note
-------+----------+-------------------------------------------
     0 | D:1      | mopl the Octopode Brigand began the quest for the Orb.
     0 | D:1      | Reached XP level 1. HP: 14/14 MP: 1/1
   169 | D:1      | Reached XP level 2. HP: 19/19 MP: 2/2
   453 | D:1      | Reached skill level 1 in Long Blades
   453 | D:1      | Reached XP level 3. HP: 25/25 MP: 3/3
   804 | D:2      | Found a faded altar of an unknown god.
  1218 | D:2      | Reached skill level 1 in Shields
  1262 | D:3      | Noticed Robin
  1267 | D:2      | Killed Robin
  1268 | D:2      | Reached XP level 4. HP: 28/30 MP: 4/4
  1288 | D:2      | HP: 1/30 [hobgoblin[Robin] (5)]
  1498 | D:3      | Killed from afar by an orc wizard

Illustrated notes

Levels and vault maps discovered:
D:1:      psy_arrival_conway, layout_basic, minmay_pentomino_t4
D:2:      layout_loops_ring, ebering_ecumenical_altar_box,
          minmay_misc_feat_roman
D:3:      layout_loops_ring, serial_aquarium, aquarium_bridge_square
          [aquarium_subvault_wall, aquarium_subvault_wall,
          aquarium_subvault_wall, aquarium_subvault_bridge], aquarium_window_1,
          aquarium_window_2, aquarium_window_1, aquarium_view_2d,
          aquarium_balcony_5b, aquarium_pool_2, kennysheep_flooded_box,
          uniq_pargi, uniq_robin, uniq_crazy_yiuf_cottage

Skill      XL: |  1  2  3 |
---------------+----------+-----
Long Blades    | 1 |  1.3
Shields        | 1 |  1.2
Fighting       | |  2.6
Short Blades   | |  2.0
Throwing       | |  2.6
Dodging        | |  1.0
Stealth        | |  5.9

Action                   |  1- 3 |  4- 6 || total
-------------------------+-------+-------++-------
Melee: Dagger            |    52 |    23 ||    75
       Tentacles         |     4 |     3 ||     7
       Constrict         |     6 |     6 ||    12
 Stab: Sleeping          |    20 |       ||    20
Armor: Skin              |     5 |     1 ||     6
Dodge: Dodged            |    12 |     4 ||    16
Block: Tower shield      |    19 |    11 ||    30

Table legend: (Time is in decaauts)
 A = Elapsed time spent in this place.
 B = Non-inter-level travel time spent in this place.
 C = Inter-level travel time spent in this place.
 D = Time resting spent in this place.
 E = Time spent auto-exploring this place.
 F = Levels seen in this place.
 G = Mean time per level.
                   A        B        C        D        E       F      G
               +--------+--------+--------+--------+--------+-----+--------+
         Total |   1523 |   1473 |     50 |    211 |    954 |   3 |  507.7 |
       Dungeon |   1523 |   1473 |     50 |    211 |    954 |   3 |  507.7 |
               +--------+--------+--------+--------+--------+-----+--------+

Top non-repeatable levels by time:
     D:2: 846 daAuts
     D:1: 644 daAuts
     D:3: 32 daAuts
